 Dungeon Crawl Stone Soup version 0.20.1-1-g8b1a95d (webtiles) character file.

26352 darkryft the Martial Artist (level 12, 0/101 HPs)
             Began as a Black Draconian Transmuter on Sept 5, 2017.
             Was the Champion of Makhleb.
             Slain by an unseen horror (8 damage)
             ... on level 12 of the Dungeon on Sept 25, 2017.
             The game lasted 01:12:02 (18474 turns).

darkryft the Martial Artist (DrTm)                 Turns: 18474, Time: 01:12:02

Health: 0/101      AC: 11    Str: 12    XL:     12   Next: 97%
Magic:  21/21      EV: 16    Int: 21    God:    Makhleb [******]
Gold:   888        SH:  0    Dex: 12    Spells: 10/23 levels left

rFire    . . .     SeeInvis .     - Unarmed
rCold    . . .     Gourm    +   (no shield)
rNeg     . . .     Faith    .   (armour unavailable)
rPois    .         Spirit   .   (helmet restricted)
rElec    +         Reflect  .   E - +1 cloak
rCorr    .         Harm     .   B - +0 pair of gloves
MR       .....                  (no boots)
Stlth    +.........             o - amulet of the gourmand
Regen    0.3/turn               k - +2 ring of intelligence
MPRegen  0.2/turn               (no ring)

@: no status effects
A: breathe lightning, unfitting armour, electricity resistance, cold-blooded, AC
+8
a: Breathe Lightning, Minor Destruction, Lesser Servant of Makhleb, Major
Destruction, Greater Servant of Makhleb, Renounce Religion


You were on level 12 of the Dungeon.
You worshipped Makhleb.
Makhleb was exalted by your worship.
You were not hungry.

You visited 3 branches of the dungeon, and saw 15 of its levels.
You also visited: Sewer.

You collected 888 gold pieces.

Inventory:

Missiles
 a - 372 arrows
Armour
 B - a +0 pair of gloves (worn)
 E - a +1 cloak (worn)
Jewellery
 k - a +2 ring of intelligence (left hand)
 o - an amulet of the gourmand (around neck)
 S - an uncursed ring of magical power {unknown}
Wands
 J - a wand of lightning (7/15)
 M - a wand of iceblast (11/15)
 P - a wand of iceblast (9/15)
Scrolls
 d - 5 scrolls of identify
 h - 3 scrolls of enchant weapon {unknown}
 i - 7 scrolls of remove curse
 n - 5 scrolls of teleportation
 q - 2 scrolls of recharging {unknown}
 r - 4 scrolls of blinking
 w - 2 scrolls of immolation
 C - 2 scrolls of fog
 H - 2 scrolls of magic mapping {unknown}
 I - 2 scrolls of fear {unknown}
 K - a scroll of enchant armour
 L - a scroll of brand weapon {unknown}
Potions
 e - 4 potions of brilliance
 g - 2 potions of resistance {unknown}
 l - a potion of magic {unknown}
 m - 8 potions of curing
 s - 2 potions of agility
 t - 2 potions of cancellation {unknown}
 u - a potion of mutation {unknown}
 v - 6 potions of might
 x - 6 potions of heal wounds
 z - 3 potions of lignification {unknown}
 A - 5 potions of flight {unknown}
 F - 2 potions of ambrosia {unknown}
 G - a potion of berserk rage {unknown}
 N - a potion of degeneration {unknown}
 O - a potion of invisibility {unknown}
Books
 b - a book of Changes

   Spells                             Type                      Level
   a - Beastly Appendage              Transmutation                1
   b - Sticks to Snakes               Transmutation                2
   c - Spider Form                    Transmutation/Poison         3
   d - Ice Form                       Ice/Transmutation            4
   e - Blade Hands                    Transmutation                5
 y - a book of Flames

   Spells                             Type                      Level
   a - Flame Tongue                   Conjuration/Fire             1
   b - Throw Flame                    Conjuration/Fire             2
   c - Conjure Flame                  Conjuration/Fire             3
   d - Inner Flame                    Hexes/Fire                   3
   e - Sticky Flame                   Conjuration/Fire             4
   f - Fireball                       Conjuration/Fire             5
 Q - a book of Cantrips

   Spells                             Type                      Level
   a - Confusing Touch                Hexes                        1
   b - Animate Skeleton               Necromancy                   1
   c - Summon Small Mammal            Summoning                    1
   d - Apportation                    Translocation                1
 R - a book of Necromancy

   Spells                             Type                      Level
   a - Pain                           Necromancy                   1
   b - Animate Skeleton               Necromancy                   1
   c - Vampiric Draining              Necromancy                   3
   d - Regeneration                   Charms/Necromancy            3
   e - Animate Dead                   Necromancy                   4
   f - Control Undead                 Necromancy                   4
Comestibles
 c - 9 bread rations
 f - 8 royal jellies
 j - a chunk of flesh
 p - 32 fruits
 D - 4 meat rations


   Skills:
 - Level 8.0 Fighting
 - Level 8.0 Dodging
 + Level 14.0 Unarmed Combat
 - Level 6.0 Spellcasting
 - Level 9.1 Transmutations
 - Level 8.0 Invocations


You had 10 spell levels left.
You knew the following spells:

 Your Spells              Type           Power        Failure   Level  Hunger
a - Regeneration          Chrm/Necr      #.........   28%         3    ##.....
b - Sticks to Snakes      Tmut           #####...     1%          2    None
c - Spider Form           Tmut/Pois      ####......   4%          3    ##.....
d - Blade Hands           Tmut           #####.....   6%          5    #####..


Dungeon Overview and Level Annotations

Branches:
Dungeon (12/15)            Temple (1/1) D:5            Lair (2/6) D:9
  Swamp (0/4) Lair:2          Orc (0/2) D:11
  Snake: Lair:2-4    Spider: Lair:2-4

Altars:
Ashenzari
Cheibriados
Dithmenos
Gozag
Hepliaklqana
Makhleb
Qazlal
Ru
Sif Muna
Trog
Vehumet
Xom
Yredelemnul

Annotations:
D:9 exclusion: hydra
Lair:2 exclusion: 2 oklob plants


Innate Abilities, Weirdness & Mutations

You can breathe wild blasts of lightning.
Your glossy black scales are hard. (AC +8)
You cannot fit into any form of body armour.
You are resistant to electric shocks. (rElec)
You are cold-blooded and may be slowed by cold attacks.


Message History

* * * LOW HITPOINT WARNING * * *
Something barely misses you.
You closely miss something. Your slash misses something.
Something hits you but does no damage. Something hits you.
* * * LOW HITPOINT WARNING * * *
Something hits you but does no damage. Something hits you.
* * * LOW HITPOINT WARNING * * *
Something hits you but does no damage. Something closely misses you.
Something hits you but does no damage.
Your hands revert to their normal proportions.
Your +0 pair of gloves unmelds from your body.
Something barely misses you.
You miss something. Something hits you.
* * * LOW HITPOINT WARNING * * *
There is a stone staircase leading up here.
You hit something but do no damage. Something hits you!
You die...

..........##
.............##
...............##
.................#
.................#
.................#
.................#
...............{@#
.................#
.................#
.................#
...)))...........#
...).)...........#
...)(............#
................##
...............##


There were no monsters in sight!

Vanquished Creatures
  The ghost of Inchmeat the Quickloader, a novice DDHu of Cheibriados (D:9)
  3 two-headed ogres
  A death yak (D:9)
  Sonja (Lair:2)
  The ghost of SteelSafe the Basher, a novice MiFi of Okawaru (D:8)
  Pikel (D:7)
  4 ugly things
  A manticore (D:11)
  Maurice (D:8)
  Psyche (D:12)
  3 spiny frogs (Lair:2)
  A kobold demonologist (D:11)
  2 komodo dragons
  2 trolls
  2 dream sheep (D:9)
  7 hippogriffs
  Sigmund (D:3)
  16 yaks
  A wraith (D:12)
  3 wyverns
  2 hungry ghosts
  3 vampire mosquitoes (Lair:2)
  Menkaure (D:7)
  5 porcupines
  2 ice beasts
  A water moccasin (Lair:1)
  3 sky beasts
  A hornet zombie (D:10)
  8 orc warriors
  2 slaves (D:7)
  An eye of draining (D:10)
  2 phantoms
  11 wolves
  19 centaurs
  5 ogres
  6 crocodiles
  3 big kobolds (D:9)
  13 bullfrogs
  3 scorpions
  31 killer bees
  3 howler monkeys
  13 wights
  2 electric eels (Lair:2)
  6 crimson imps
  A bullfrog zombie (D:11)
  2 quasits
  11 hounds
  5 orc priests
  Crazy Yiuf (D:5)
  2 centaur skeletons
  3 bullfrog skeletons
  3 jellies
  Natasha (twice) (D:4)
  Jessica (D:2)
  2 iguanas (D:9)
  14 orc wizards
  8 worker ants
  A killer bee zombie (D:7)
  A hound skeleton (D:4)
  2 howler monkey zombies (D:11)
  3 gnolls (D:6)
  14 adders
  3 river rats (Sewer)
  2 shadow imps
  3 oozes
  2 adder zombies
  A worm (D:4)
  7 leopard geckos
  42 orcs
  3 ball pythons
  10 bats
  7 giant cockroaches
  17 goblins
  13 hobgoblins
  9 jackals
  29 kobolds
  2 quokkas
  6 frilled lizards
  A jackal zombie (D:7)
  2 leopard gecko skeletons
  2 quokka skeletons
  29 rats
465 creatures vanquished.

Vanquished Creatures (collateral kills)
  A spiny frog (Lair:1)
  An ice beast (D:8)
  A crocodile (Lair:1)
  A killer bee (D:7)
  A crimson imp (D:8)
  An adder (Sewer)
  A ball python (Sewer)
  A kobold (Sewer)
  A rat (Sewer)
9 creatures vanquished.

Vanquished Creatures (others)
  A worker ant (D:11)
  A fungus (Lair:2)
  4 plants (Lair:2)
6 creatures vanquished.

Grand Total: 480 creatures vanquished

Notes
Turn   | Place    | Note
-------+----------+-------------------------------------------
     0 | D:1      | darkryft the Draconian Transmuter began the quest for the Orb.
     0 | D:1      | Reached XP level 1. HP: 16/16 MP: 3/3
    74 | D:1      | Reached XP level 2. HP: 10/23 MP: 3/5
    78 | D:1      | Learned a level 2 spell: Sticks to Snakes
   808 | D:1      | Reached XP level 3. HP: 28/28 MP: 4/6
   813 | D:1      | Learned a level 3 spell: Spider Form
  1424 | D:2      | Noticed Jessica
  1513 | D:2      | Killed Jessica
  1513 | D:2      | Reached skill level 4 in Unarmed Combat
  1513 | D:2      | Reached XP level 4. HP: 30/35 MP: 0/7
  1798 | D:3      | Noticed Sigmund
  1810 | D:3      | Killed Sigmund
  1810 | D:3      | Reached skill level 5 in Unarmed Combat
  1810 | D:3      | Reached XP level 5. HP: 29/40 MP: 1/8
  1966 | D:3      | Found a burning altar of Makhleb.
  1966 | D:3      | Noticed a green death
  2017 | D:3      | Reached XP level 6. HP: 44/47 MP: 9/9
  2137 | D:3      | Found an opulent altar of Gozag.
  3005 | D:4      | Found a glowing drain.
  3044 | Sewer    | Entered a sewer
  3984 | D:4      | Noticed a sky beast
  3998 | D:4      | Killed a sky beast
  3998 | D:4      | Your scales start taking on a glossy black colour.
  3998 | D:4      | Reached XP level 7. HP: 45/52 MP: 1/10
  3998 | D:4      | Gained mutation: You are resistant to electric shocks. (rElec) [Black Draconian growth]
  4077 | D:4      | Reached skill level 6 in Unarmed Combat
  4400 | D:4      | Noticed Natasha
  4419 | D:4      | Killed Natasha
  4513 | D:3      | Noticed an orange demon
  4513 | D:3      | Noticed a neqoxec
  4515 | D:3      | Became a worshipper of Makhleb the Destroyer
  4856 | D:4      | Noticed Natasha
  4869 | D:4      | Killed Natasha
  4965 | D:5      | Entered Level 5 of the Dungeon
  5164 | D:5      | Found a runed door.
  5182 | D:5      | Found a basalt altar of Yredelemnul.
  5185 | D:5      | Found a snail-covered altar of Cheibriados.
  5206 | D:5      | Noticed Crazy Yiuf
  5212 | D:5      | Killed Crazy Yiuf
  5212 | D:5      | Reached skill level 5 in Transmutations
  5249 | D:5      | Found a stormy altar of Qazlal.
  5294 | D:5      | Reached skill level 7 in Unarmed Combat
  5314 | D:5      | Reached XP level 8. HP: 44/59 MP: 6/11
  5572 | D:5      | Found a staircase to the Ecumenical Temple.
  5583 | Temple   | Entered the Ecumenical Temple
  5934 | D:6      | Reached * piety under Makhleb
  6227 | D:6      | Found a sacrificial altar of Ru.
  6236 | D:6      | Reached skill level 5 in Dodging
  6236 | D:6      | Reached skill level 8 in Unarmed Combat
  6629 | D:5      | Learned a level 5 spell: Blade Hands
  6783 | D:6      | Found a shadowy altar of Dithmenos.
  7167 | D:7      | Reached XP level 9. HP: 60/64 MP: 14/14
  7183 | D:7      | Reached skill level 9 in Unarmed Combat
  7220 | D:7      | Noticed Menkaure
  7226 | D:7      | Killed Menkaure
  7587 | D:7      | Reached ** piety under Makhleb
  8215 | D:7      | Noticed Pikel
  8230 | D:7      | Killed Pikel
  8230 | D:7      | Reached skill level 10 in Unarmed Combat
  9181 | D:8      | Reached XP level 10. HP: 69/78 MP: 12/16
  9265 | D:8      | Noticed Maurice
  9278 | D:8      | Killed Maurice
  9473 | D:8      | Found a bloodstained altar of Trog.
  9569 | D:8      | Reached *** piety under Makhleb
  9574 | D:8      | Reached skill level 11 in Unarmed Combat
  9680 | D:8      | Noticed SteelSafe's ghost (novice MiFi)
  9788 | D:8      | Killed SteelSafe's ghost
  9798 | D:8      | Noticed a two-headed ogre
  9902 | D:8      | Killed a two-headed ogre
 10914 | D:9      | Noticed a death yak
 10966 | D:9      | Reached skill level 12 in Unarmed Combat
 11083 | D:9      | Noticed Inchmeat's ghost (novice DDHu)
 11101 | D:8      | Reached **** piety under Makhleb
 11225 | D:9      | Reached XP level 11. HP: 84/84 MP: 17/17
 11265 | D:9      | Noticed a death yak
 11266 | D:9      | Noticed a death yak
 11631 | D:9      | HP: 1/84 [bounced beam (8)]
 11632 | D:9      | Killed a death yak
 12056 | D:9      | Killed Inchmeat's ghost
 12179 | D:9      | Found a staircase to the Lair.
 12262 | Lair:1   | Entered Level 1 of the Lair of Beasts
 12644 | Lair:1   | HP: 4/84 [wolf (11)]
 13239 | D:9      | Noticed a two-headed ogre
 13264 | D:9      | Killed a two-headed ogre
 13264 | D:9      | Reached skill level 5 in Spellcasting
 13581 | D:9      | Reached skill level 13 in Unarmed Combat
 14287 | D:9      | Reached skill level 5 in Invocations
 14291 | D:9      | Reached skill level 5 in Fighting
 14333 | D:9      | Noticed a three-headed hydra
 14987 | Lair:2   | Reached XP level 12. HP: 96/96 MP: 18/21
 15035 | Lair:2   | Noticed Sonja
 15091 | Lair:2   | Killed Sonja
 15378 | Lair:2   | Reached ***** piety under Makhleb
 15666 | Lair:2   | Found a staircase to the Swamp.
 16241 | D:10     | Entered Level 10 of the Dungeon
 16281 | D:10     | Noticed a two-headed ogre
 16290 | D:10     | Killed a two-headed ogre
 16539 | D:10     | Learned a level 3 spell: Regeneration
 17634 | D:11     | Found a staircase to the Orcish Mines.
 18351 | D:12     | Reached ****** piety under Makhleb
 18409 | D:12     | Noticed Psyche
 18426 | D:12     | Killed Psyche
 18451 | D:12     | Reached skill level 14 in Unarmed Combat
 18474 | D:12     | Slain by an unseen horror

Skill      XL: |  1  2  3  4  5  6  7  8  9 10 11 12 |
---------------+-------------------------------------+-----
Dodging        | 2 3 4 5 6 7 8 |  8.0
Unarmed Combat | 4 5 7 8 10 12 13 14 | 14.0
Transmutations | 3 4 5 7 8 9 |  9.1
Spellcasting   | 3 4 6 |  6.0
Fighting       | 4 6 8 |  8.0
Invocations    | 2 4 6 8 |  8.0

Action                   |  1- 3 |  4- 6 |  7- 9 | 10-12 || total
-------------------------+-------+-------+-------+-------++-------
Melee: Unarmed           |   180 |   208 |   419 |   828 ||  1635
       Tailslap          |    12 |    10 |    18 |    50 ||    90
       Kick              |     3 |       |     8 |     2 ||    13
       Punch             |     2 |     2 |     7 |    19 ||    30
       Headbutt          |     2 |       |    14 |     3 ||    19
 Cast: Beastly Appendage |    10 |     6 |    21 |     5 ||    42
       Spider Form       |     4 |    10 |    25 |    44 ||    83
       Sticks to Snakes  |       |     3 |     6 |     8 ||    17
       Blade Hands       |       |       |       |    23 ||    23
       Regeneration      |       |       |       |     2 ||     2
 Abil: Breathe Lightning |       |       |     3 |     7 ||    10
       End Transformatio |       |       |       |     2 ||     2
  Use: Scroll            |       |       |       |    13 ||    13
 Stab: Sleeping          |     1 |     3 |     1 |     2 ||     7
       Distracted        |       |       |       |     2 ||     2
  Eat: Chunk             |     3 |    22 |    19 |    46 ||    90
Armor: Skin              |    43 |    43 |    74 |   145 ||   305
Dodge: Dodged            |   124 |   159 |   314 |   749 ||  1346
